[Event "Titled Tuesday Blitz April 26 Early 2022"]
[White "Andreikin, Dmitry"]
[Black "Terry, Renato"]
[WhiteFideId "4158814"]
[BlackFideId "3803457"]
[WhiteElo "2736"]
[BlackElo "2577"]
[Result "1-0"]
[Round "06"]
[TimeControl "180+1"]
[Date "2022.04.26"]
[WhiteClock "0:00:49"]
[BlackClock "0:00:02"]

1. d4 d5 2. c4 dxc4 3. e4 Nc6 4. d5 Ne5 5. Nc3 e6 6. Bf4 Ng6 7. Bg3 e5 8. Bxc4 a6 9. Qa4+ Bd7 10. Qb3 b5 11. Bd3 Bd6 12. Nf3 Nf6 13. O-O Nh5 14. a4 Nhf4 15. Rfd1 Nxd3 16. Rxd3 O-O 17. axb5 axb5 18. Rxa8 Qxa8 19. Qd1 Qa6 20. Nb1 Ra8 21. h4 Bg4 22. Nbd2 f6 23. Qc2 Ne7 24. Nb3 Qa4 25. Nfd2 Bd7 26. f3 h5 27. Bf2 Ng6 28. g3 f5 29. Rc3 f4 30. Nc5 Qxc2 31. Rxc2 fxg3 32. Bxg3 Bc8 33. Ndb3 Kf7 34. Nd3 Ke8 35. Kf2 Ra4 36. Ke3 Rc4 37. Rg2 Kf7 38. Be1 Bh3 39. Rg5 Rc2 40. Bc3 Bf1 41. Nxe5+ Bxe5 42. Bxe5 Re2+ 43. Kd4 Rxb2 44. Nc5 Nxh4 45. Rxg7+ Ke8 46. Rg8+ Kf7 47. Rg7+ Ke8 48. Bxc7 Nxf3+ 49. Ke3 Nh4 50. d6 Re2+ 51. Kd4 Rd2+ 52. Kc3 Rd1 53. d7+ 1-0


[Site "https://www.chess.com"]

[Event "Titled Tuesday Blitz April 26 Early 2022"]
[White "Andrews, Todd"]
[Black "Kejzar, Petra"]
[WhiteFideId "2012456"]
[BlackFideId "14610213"]
[WhiteElo "2349"]
[BlackElo "2003"]
[Result "0-1"]
[Round "06"]
[TimeControl "180+1"]
[Date "2022.04.26"]
[WhiteClock "0:00:05"]
[BlackClock "0:00:08"]

1. e4 c5 2. Nf3 g6 3. d4 cxd4 4. Nxd4 Bg7 5. c4 Nc6 6. Be3 Nf6 7. Nc3 d6 8. Be2 O-O 9. O-O Be6 10. Nc2 a5 11. Rb1 Nd7 12. Qd2 Nc5 13. f3 a4 14. Rfc1 Qa5 15. Nd4 Nxd4 16. Bxd4 Bxd4+ 17. Qxd4 Rfc8 18. h4 Nd7 19. Nd5 Bxd5 20. cxd5 Qb6 21. Qxb6 Nxb6 22. Kf2 Kf8 23. Ke3 a3 24. b3 Nd7 25. h5 Nc5 26. f4 Rab8 27. Bb5 b6 28. b4 Nb7 29. Rxc8+ Rxc8 30. Ba6 Rc7 31. Bxb7 Rxb7 32. Rc1 gxh5 33. Rc8+ Kg7 34. Ra8 Rc7 35. Rxa3 Rc2 36. Ra6 Rxg2 37. Rxb6 Rxa2 38. Kf3 Ra3+ 39. Kg2 Re3 40. Rb7 Rxe4 41. b5 Kf6 42. b6 Rxf4 43. Rb8 Rb4 44. b7 h4 45. Kh3 h5 46. Kh2 Rb3 47. Kg2 h3+ 48. Kh2 h4 49. Kh1 Rb2 50. Kg1 h2+ 51. Kh1 h3 52. Rf8 Rxb7 53. Kxh2 Rb3 54. Rg8 Rd3 55. Rh8 Ke5 56. Rh7 Kxd5 57. Rxf7 e5 58. Re7 Kd4 59. Re8 e4 60. Re6 d5 61. Re8 Rf3 62. Re7 Kd3 63. Rd7 d4 64. Re7 e3 65. Re6 Kd2 66. Rd6 d3 67. Re6 e2 68. Rd6 Ke1 69. Rxd3 Rxd3 70. Kg1 Kd1 71. Kh2 Rd2 72. Kxh3 e1=Q 0-1


[Site "https://www.chess.com"]

[Event "Titled Tuesday Blitz April 26 Early 2022"]
[White "Arabidze, Meri"]
[Black "Wachinger, Guenther"]
[WhiteFideId "13604040"]
[BlackFideId "4604261"]
[WhiteElo "2667"]
[BlackElo "2449"]
[Result "1-0"]
[Round "06"]
[TimeControl "180+1"]
[Date "2022.04.26"]
[WhiteClock "0:02:15"]
[BlackClock "0:02:05"]

1. Nf3 c5 2. c4 b6 3. e3 Bb7 4. d4 cxd4 5. exd4 Nf6 6. d5 e6 7. Nc3 Bb4 8. Bd2 O-O 9. Be2 exd5 10. Nxd5 Nxd5 11. cxd5 Qe7 12. O-O Na6 13. Re1 Nc5 14. Bxb4 1-0


[Site "https://www.chess.com"]

[Event "Titled Tuesday Blitz April 26 Early 2022"]
[White "Aradhya, Garg"]
[Black "Bluebaum, Matthias"]
[WhiteFideId "25006746"]
[BlackFideId "24651516"]
[WhiteElo "2169"]
[BlackElo "2550"]
[Result "0-1"]
[Round "06"]
[TimeControl "180+1"]
[Date "2022.04.26"]
[WhiteClock "0:00:03"]
[BlackClock "0:00:09"]

1. d4 Nf6 2. c4 e6 3. Nf3 d5 4. Nc3 Bb4 5. Qa4+ Nc6 6. Bd2 dxc4 7. e3 Bd7 8. Qc2 Na5 9. Ne5 b5 10. Be2 a6 11. O-O O-O 12. b3 cxb3 13. axb3 Nc6 14. Bf3 Nxe5 15. dxe5 Bxc3 16. Bxc3 Nd5 17. Ba5 Rc8 18. Rfd1 Qe7 19. Bxd5 exd5 20. Rxd5 Be6 21. Rc5 Bf5 22. Qc3 c6 23. Rc1 Qg5 24. f3 Be6 25. e4 h5 26. Qd2 Qe7 27. Qd6 Qh4 28. Be1 Qg5 29. Bd2 Qg6 30. Rxc6 Rcd8 31. Qb4 h4 32. Be1 Qh5 33. h3 Rd3 34. R6c3 Rfd8 35. Qc5 Kh7 36. b4 Bxh3 37. Rxd3 Rxd3 38. Qf2 Bxg2 39. Qxg2 Rxf3 40. Rc3 Rf4 41. Kh2 Rg4 42. Qf3 Qxe5+ 43. Kh3 Rxe4 44. Bxh4 Rf4 45. Qd3+ g6 46. Bg3 Qe6+ 47. Kg2 Rxb4 48. Qf3 Rb2+ 49. Bf2 Rb4 50. Re3 Qg4+ 51. Qxg4 Rxg4+ 52. Kf3 f5 53. Re7+ Kh6 54. Be3+ g5 55. Rf7 Kg6 56. Ra7 Ra4 57. Ra8 Ra3 58. Rg8+ Kf6 59. Rf8+ Ke6 60. Kf2 f4 61. Bc5 Rc3 62. Bd4 Rd3 63. Rf6+ Kd5 64. Ba1 Ra3 65. Rf5+ Ke4 66. Re5+ Kd3 67. Re1 g4 68. Be5 Ra2+ 69. Kf1 g3 70. Bxf4 Rf2+ 71. Kg1 Rxf4 72. Kg2 Rf6 73. Kxg3 b4 74. Re5 b3 75. Rc5 b2 76. Rc1 bxc1=Q 0-1


[Site "https://www.chess.com"]

[Event "Titled Tuesday Blitz April 26 Early 2022"]
[White "Atakhan, Abtin"]
[Black "Toncheva, Nadya"]
[WhiteFideId "22502203"]
[BlackFideId "2924056"]
[WhiteElo "2094"]
[BlackElo "1884"]
[Result "0-1"]
[Round "06"]
[TimeControl "180+1"]
[Date "2022.04.26"]
[WhiteClock "0:00:08"]
[BlackClock "0:00:33"]

1. Nf3 Nf6 2. g3 g6 3. Bg2 Bg7 4. O-O O-O 5. c4 d6 6. Nc3 e5 7. d3 c6 8. b4 d5 9. Bg5 Re8 10. Nd2 Be6 11. cxd5 cxd5 12. e4 dxe4 13. Ndxe4 Nc6 14. Qf3 Nd4 15. Nxf6+ Kh8 16. Qxb7 Bxf6 17. Bxf6+ Qxf6 18. f4 exf4 19. Ne4 Qe5 20. Rae1 f3 21. Bxf3 Nxf3+ 22. Rxf3 Bd5 23. Qb5 f5 24. Rf4 fxe4 25. dxe4 Qd4+ 26. Rf2 Rxe4 27. Rxe4 Qxe4 0-1


[Site "https://www.chess.com"]

[Event "Titled Tuesday Blitz April 26 Early 2022"]
[White "Atanejhad, Sahebali"]
[Black "Haukenfrers, Dale"]
[WhiteFideId "12506664"]
[BlackFideId "2603780"]
[WhiteElo "1953"]
[BlackElo "2049"]
[Result "1-0"]
[Round "06"]
[TimeControl "180+1"]
[Date "2022.04.26"]
[WhiteClock "0:00:39"]
[BlackClock "0:00:56"]

1. d4 c6 2. c4 d6 3. Nc3 g6 4. e4 Bg7 5. Be2 Qb6 6. Be3 Qxb2 7. Rc1 Qb6 8. h4 h5 9. Nh3 Nf6 10. O-O Bxh3 11. gxh3 Qc7 12. f4 O-O 13. e5 dxe5 14. fxe5 Nfd7 15. Bxh5 gxh5 16. Qxh5 Nxe5 17. Ne4 Ng6 18. Rc2 c5 19. Rg2 cxd4 20. Ng5 Rc8 21. Rxf7 Nf8 22. Rxg7+ Kxg7 23. Ne6+ Kf6 24. Nxc7 Rxc7 25. Qf3+ Ke6 26. Qd5+ Kf6 27. Bg5+ Kg6 28. Bxe7+ Kh7 29. Qh5# 1-0


[Site "https://www.chess.com"]

[Event "Titled Tuesday Blitz April 26 Early 2022"]
[White "Avazkhonov, Alikhon"]
[Black "Winkels, Marcel"]
[WhiteFideId "14208504"]
[BlackFideId "1003887"]
[WhiteElo "1739"]
[BlackElo "1900"]
[Result "1-0"]
[Round "06"]
[TimeControl "180+1"]
[Date "2022.04.26"]
[WhiteClock "0:02:16"]
[BlackClock "0:00:12"]

1. e4 c5 2. Nc3 d6 3. g3 Nc6 4. Bg2 g6 5. d3 Bg7 6. Nh3 e6 7. O-O Nge7 8. Be3 Nd4 9. Qd2 h5 10. f4 h4 11. g4 Rb8 12. Rae1 O-O 13. Bf2 Nec6 14. g5 b5 15. Bxh4 b4 16. Nd1 Bd7 17. Ne3 a5 18. f5 exf5 19. exf5 Nxf5 20. Nxf5 gxf5 21. Nf4 Ne5 22. Nd5 Ng6 23. Nf6+ Kh8 24. Qe2 Bxf6 25. gxf6 Nxh4 26. Qh5+ Kg8 27. Qh6 1-0


[Site "https://www.chess.com"]

[Event "Titled Tuesday Blitz April 26 Early 2022"]
[White "Bachmann, Axel"]
[Black "Hernandez Bermudez, Ulises Eduardo"]
[WhiteFideId "3700488"]
[BlackFideId "3902510"]
[WhiteElo "2587"]
[BlackElo "2056"]
[Result "1-0"]
[Round "06"]
[TimeControl "180+1"]
[Date "2022.04.26"]
[WhiteClock "0:01:39"]
[BlackClock "0:01:52"]

1. d4 Nf6 2. g3 g6 3. Bg2 Bg7 4. e4 d6 5. Ne2 O-O 6. O-O c5 7. dxc5 dxc5 8. e5 Qxd1 9. Rxd1 Nfd7 10. f4 Nc6 11. Be3 Re8 12. Nbc3 Nb4 13. Rac1 Rb8 14. a3 Nc6 15. Ne4 Na5 16. b3 b6 17. N2c3 Nf8 18. Nb5 1-0


[Site "https://www.chess.com"]

[Event "Titled Tuesday Blitz April 26 Early 2022"]
[White "Bacrot, Etienne"]
[Black "Abdusattorov, Nodirbek"]
[WhiteFideId "605506"]
[BlackFideId "14204118"]
[WhiteElo "2673"]
[BlackElo "2663"]
[Result "1-0"]
[Round "06"]
[TimeControl "180+1"]
[Date "2022.04.26"]
[WhiteClock "0:00:14"]
[BlackClock "0:00:14"]

1. e4 c5 2. Nf3 g6 3. d4 cxd4 4. Qxd4 Nf6 5. Nc3 Nc6 6. Qa4 d6 7. e5 dxe5 8. Nxe5 Bd7 9. Nxd7 Qxd7 10. Be3 Bg7 11. Rd1 Qc8 12. Be2 O-O 13. O-O a6 14. Qb3 b5 15. Nd5 Rb8 16. c3 e6 17. Nxf6+ Bxf6 18. Qa3 Be7 19. Qb3 Qc7 20. Qc2 Rfd8 21. g3 Nb4 22. Qb3 Nd5 23. Bc1 Bc5 24. Bf3 Nb6 25. Bg5 Be7 26. Bf4 Bd6 27. Bc1 Nc4 28. Kg2 Kg7 29. Qc2 Be5 30. Qe2 Qc5 31. h4 h5 32. Bg5 Bf6 33. Bf4 Be5 34. Bc1 a5 35. Rxd8 Rxd8 36. Rd1 Rxd1 37. Qxd1 a4 38. Qd7 Bf6 39. Qc6 Qf5 40. Be4 Ne5 41. Qb7 Qg4 42. f3 Nxf3 43. Bxf3 Qc4 44. a3 Be5 45. Qe4 Qc7 46. Qe2 Bxg3 47. Qxb5 Bxh4 48. Kf1 Qg3 49. Qe2 Bf6 50. Qg2 Qd6 51. Qd2 Qc5 52. Qh6+ Kg8 53. Qe3 Qf5 54. Qe4 Qh3+ 55. Bg2 Qh2 56. Qf4 Qxf4+ 57. Bxf4 g5 58. Be3 g4 59. Bc6 Be5 60. Bxa4 f5 61. Be8 f4 62. Bd4 Bxd4 63. cxd4 h4 64. Bh5 g3 65. Kg2 Kg7 66. Bf3 Kf6 67. a4 e5 68. dxe5+ Kxe5 69. a5 Kd4 70. a6 Ke3 71. a7 h3+ 72. Kxh3 Kxf3 73. a8=Q+ Ke3 74. Qa3+ 1-0


[Site "https://www.chess.com"]

[Event "Titled Tuesday Blitz April 26 Early 2022"]
[White "Banusz, Tamas"]
[Black "O`Gorman, Tom"]
[WhiteFideId "722413"]
[BlackFideId "2508249"]
[WhiteElo "2850"]
[BlackElo "2580"]
[Result "0-1"]
[Round "06"]
[TimeControl "180+1"]
[Date "2022.04.26"]
[WhiteClock "0:00:13"]
[BlackClock "0:00:56"]

1. d4 Nf6 2. Nf3 g6 3. Bf4 Bg7 4. e3 O-O 5. Nbd2 d6 6. h3 Nbd7 7. Be2 c5 8. c3 b6 9. Bh2 Bb7 10. O-O a6 11. a4 Ra7 12. Bd3 Qa8 13. Qe2 Ne4 14. Nxe4 Bxe4 15. Rfd1 Nf6 16. Bxe4 Qxe4 17. Nd2 Qc6 18. Qf3 Qxf3 19. Nxf3 Ne4 20. Kf1 Rfa8 21. Nd2 Nxd2+ 22. Rxd2 Bf6 23. a5 cxd4 24. cxd4 Rb7 25. Ke2 Rab8 26. axb6 Rxb6 27. Ra2 Rc8 28. f3 Kf8 29. Bg3 Ke8 30. e4 Rc4 31. Bf2 Bg5 32. Be3 Bxe3 33. Kxe3 Kd7 34. Kd3 Rc1 35. Rc2 Rxc2 36. Kxc2 d5 37. Ra5 dxe4 38. fxe4 Rf6 39. Kc3 Kc7 40. Rc5+ Kb6 41. Rc8 Rf2 42. Re8 e6 43. Re7 h5 44. g4 h4 45. g5 Kb5 46. Rb7+ Kc6 47. Ra7 Kb5 48. Rb7+ Kc6 49. Ra7 Kb6 50. Re7 Rf3+ 51. Kc4 Rxh3 52. Rxf7 Rg3 53. Rf6 Rxg5 54. Rxe6+ Kc7 55. Rf6 h3 56. Rf2 Rh5 57. Rh2 g5 0-1


[Site "https://www.chess.com"]

[Event "Titled Tuesday Blitz April 26 Early 2022"]
[White "Barria Zuniga, Daniel"]
[Black "Gunduz, Umut Erdem"]
[WhiteFideId "3400816"]
[BlackFideId "6381383"]
[WhiteElo "2414"]
[BlackElo "2099"]
[Result "1-0"]
[Round "06"]
[TimeControl "180+1"]
[Date "2022.04.26"]
[WhiteClock "0:02:18"]
[BlackClock "0:00:58"]

1. d4 Nf6 2. c4 c5 3. d5 e6 4. Nc3 exd5 5. cxd5 d6 6. e4 g6 7. h3 Bg7 8. Nf3 O-O 9. Bd3 b5 10. Nxb5 Re8 11. O-O Nxe4 12. Bxe4 Rxe4 13. Ng5 Rb4 14. Qf3 Rxb5 15. Qxf7+ Kh8 16. Re1 Bd7 17. Re7 Qg8 18. Bd2 Rxb2 19. Rae1 Qxf7 20. Nxf7+ Kg8 21. Nh6+ Kh8 22. Re8+ Bxe8 23. Rxe8+ Bf8 24. Bc3# 1-0


[Site "https://www.chess.com"]

[Event "Titled Tuesday Blitz April 26 Early 2022"]
[White "Bas Mas, Jose Joaquin"]
[Black "Blokhin, Sofia"]
[WhiteFideId "22219064"]
[BlackFideId "4508190"]
[WhiteElo "2212"]
[BlackElo "1764"]
[Result "1-0"]
[Round "06"]
[TimeControl "180+1"]
[Date "2022.04.26"]
[WhiteClock "0:02:22"]
[BlackClock "0:00:29"]

1. e4 c5 2. Nc3 e6 3. Nf3 Nc6 4. d4 cxd4 5. Nxd4 e5 6. Ndb5 d6 7. Nd5 Be7 8. Nbc7+ Kf8 9. Nxa8 Be6 10. Nac7 Bxd5 11. Nxd5 Bh4 12. g3 Be7 13. Bg2 Nf6 14. Nxe7 Qxe7 15. Bg5 h6 16. Bxf6 Qxf6 17. c3 g6 18. Qf3 Qe6 19. Qd3 h5 20. Qd5 Qe7 21. h4 Kg7 22. Rd1 Rd8 23. O-O f5 24. exf5 gxf5 25. Bh3 Qf6 26. Qd3 e4 27. Qe3 Kh7 28. Qg5 Qxg5 29. hxg5 Ne5 30. Bxf5+ Kg7 31. Bxe4 1-0


[Site "https://www.chess.com"]

[Event "Titled Tuesday Blitz April 26 Early 2022"]
[White "Bashirli, Saadat"]
[Black "Shtyka, Sergey"]
[WhiteFideId "13429990"]
[BlackFideId "4138465"]
[WhiteElo "1173"]
[BlackElo "2014"]
[Result "0-1"]
[Round "06"]
[TimeControl "180+1"]
[Date "2022.04.26"]
[WhiteClock "0:00:07"]
[BlackClock "0:00:12"]

1. d4 c5 2. d5 e5 3. Nc3 d6 4. Nf3 Be7 5. e4 Bg4 6. Bb5+ Nd7 7. a4 a6 8. Be2 Bxf3 9. Bxf3 Bg5 10. Bxg5 Qxg5 11. Qd2 Qe7 12. a5 Ngf6 13. Qg5 O-O 14. h4 h6 15. Qd2 Rac8 16. g4 Nh7 17. Ke2 Qf6 18. Rag1 Qf4 19. Qd1 f6 20. Rg3 c4 21. Rhg1 Nc5 22. Bh1 f5 23. Rf3 Qh2 24. gxf5 Qxh4 25. Rfg3 Ng5 26. f3 Rc7 27. Qf1 Qh5 28. Kd2 Qe8 29. Qe2 Rff7 30. Qe3 Qe7 31. f4 exf4 32. Qxf4 Nd7 33. Kc1 Ne5 34. Qe3 Qf6 35. Qd4 Rfe7 36. Qe3 Nd7 37. Qf4 Nc5 38. Re1 Kh8 39. Rge3 Re5 40. Qg3 Rce7 41. Qf4 Qf8 42. Bg2 Qe8 43. Bh1 Kg8 44. Qg4 Nd7 45. Qf4 Nf6 46. Qh4 Qd8 47. Qf4 Qxa5 48. Kd2 b5 49. Rb1 b4 50. Rbe1 bxc3+ 51. bxc3 Qc5 52. Qg3 Qc7 53. Bf3 Qc5 54. Bg2 a5 55. Qf4 a4 56. Rb1 a3 57. Rb8+ Kh7 58. Ra8 Nxd5 59. exd5 Qxe3+ 60. Qxe3 Rxe3 61. Rxa3 Re2+ 62. Kc1 Rxg2 63. Kb2 h5 64. Ra8 h4 65. Rf8 h3 66. f6 gxf6 67. Rxf6 0-1


[Site "https://www.chess.com"]

[Event "Titled Tuesday Blitz April 26 Early 2022"]
[White "Begunov, Konstantin"]
[Black "Steil-Antoni, Fiona"]
[WhiteFideId "4118510"]
[BlackFideId "4001249"]
[WhiteElo "2262"]
[BlackElo "2059"]
[Result "1-0"]
[Round "06"]
[TimeControl "180+1"]
[Date "2022.04.26"]
[WhiteClock "0:00:37"]
[BlackClock "0:00:45"]

1. d4 d6 2. e4 Nf6 3. f3 e5 4. Ne2 Nbd7 5. Be3 Be7 6. c4 c6 7. Nbc3 O-O 8. Qd2 Qa5 9. Ng3 exd4 10. Bxd4 Ne5 11. Be2 a6 12. a3 Be6 13. c5 Nc4 14. Bxc4 Bxc4 15. cxd6 Bd8 16. e5 Nd7 17. b4 Nxe5 18. bxa5 Nd3+ 19. Kd1 Bxa5 20. Kc2 Rfd8 21. Qg5 f6 22. Qxa5 1-0


[Site "https://www.chess.com"]

[Event "Titled Tuesday Blitz April 26 Early 2022"]
[White "Belenkaya, Dina"]
[Black "Reprintsev, Alexander"]
[WhiteFideId "24142654"]
[BlackFideId "14100541"]
[WhiteElo "2196"]
[BlackElo "2108"]
[Result "0-1"]
[Round "06"]
[TimeControl "180+1"]
[Date "2022.04.26"]
[WhiteClock "0:00:08"]
[BlackClock "0:00:14"]

1. e4 d5 2. exd5 Qxd5 3. Nf3 Bg4 4. Be2 Nc6 5. h3 Bxf3 6. Bxf3 Qe6+ 7. Qe2 Nd4 8. Qxe6 Nxf3+ 9. gxf3 fxe6 10. h4 Nh6 11. d4 Nf5 12. c3 h5 13. Bf4 c5 14. dxc5 O-O-O 15. Nd2 g6 16. Ne4 Bg7 17. Ke2 e5 18. Bg5 Rhf8 19. Rad1 Kc7 20. b4 a5 21. a4 axb4 22. Rxd8 Rxd8 23. cxb4 Nd4+ 24. Ke3 Nc2+ 25. Ke2 Nxb4 26. Bxe7 Ra8 27. Bd6+ Kc6 28. Ra1 Nd5 29. Kd3 Bf8 30. Kc4 Bxd6 31. cxd6 Nb6+ 32. Kb3 Rf8 33. Rc1+ Kd5 34. Rc3 Ke6 35. Rd3 Nd5 36. Ng5+ Kxd6 37. Ne4+ Kc6 38. Nc3 Nf4 39. Re3 Rf5 40. Kc4 Ng2 41. Rd3 Nxh4 42. Ne4 Nxf3 43. Rd6+ Kc7 44. Kd5 g5 45. Re6 Rf8 46. a5 Rd8+ 47. Nd6 h4 48. Kc5 h3 49. Nb5+ Kb8 50. Rh6 h2 51. Nd6 Ka7 52. Rh7 Rxd6 53. Kxd6 e4 54. Kd5 e3 55. fxe3 g4 56. Ke4 Ng5+ 57. Kf4 Nxh7 58. Kxg4 h1=Q 0-1


[Site "https://www.chess.com"]

[Event "Titled Tuesday Blitz April 26 Early 2022"]
[White "Bethke, Richard"]
[Black "Moussard, Jules"]
[WhiteFideId "12959243"]
[BlackFideId "642908"]
[WhiteElo "2542"]
[BlackElo "2589"]
[Result "0-1"]
[Round "06"]
[TimeControl "180+1"]
[Date "2022.04.26"]
[WhiteClock "0:00:04"]
[BlackClock "0:00:23"]

1. e4 c6 2. Nf3 d5 3. Nc3 Bg4 4. h3 Bxf3 5. Qxf3 e6 6. Be2 g6 7. d4 Bg7 8. Be3 Nd7 9. O-O-O Ne7 10. h4 h5 11. g4 hxg4 12. Qxg4 b5 13. exd5 cxd5 14. Nxb5 Nf6 15. Qf4 Kf8 16. h5 gxh5 17. Rdg1 Ng6 18. Qd6+ Qxd6 19. Nxd6 Ke7 20. Nb5 h4 21. Bd3 Ne4 22. Bxe4 dxe4 23. Nc3 Rad8 24. Nxe4 Rd5 25. c3 h3 26. Ng5 Bf6 27. f4 Bxg5 28. fxg5 Rf5 29. Rg3 h2 30. Kd2 e5 31. d5 Nf4 32. Rg4 Nxd5 33. Rg2 Rd8 34. Bc5+ Ke6 35. Kc2 Rc8 36. Bxa7 Rc7 37. Bf2 e4 38. Rgxh2 Rxg5 39. Rh6+ f6 40. Bd4 Rg2+ 41. Kb1 Rb7 42. b3 Rf7 43. Re1 Rg4 44. Rh5 f5 45. Rh6+ Kd7 46. Rd1 Kc8 47. Be5 Rd7 48. Rh8+ Kb7 49. Rb8+ Ka7 50. Rd4 Nxc3+ 51. Kb2 Rxd4 52. Bxd4+ Kxb8 53. Kxc3 Kb7 54. Kd2 Rg3 0-1


[Site "https://www.chess.com"]

[Event "Titled Tuesday Blitz April 26 Early 2022"]
[White "Bilych, Olexiy"]
[Black "Omelja, Artem"]
[WhiteFideId "14156504"]
[BlackFideId "14119846"]
[WhiteElo "2806"]
[BlackElo "2546"]
[Result "1-0"]
[Round "06"]
[TimeControl "180+1"]
[Date "2022.04.26"]
[WhiteClock "0:00:27"]
[BlackClock "0:00:07"]

1. e4 c5 2. Nf3 e6 3. d4 cxd4 4. Nxd4 Nf6 5. Nc3 a6 6. e5 Ng8 7. Bf4 Ne7 8. Qd2 Nbc6 9. O-O-O Nxd4 10. Qxd4 Nc6 11. Qe3 b5 12. Ne4 Be7 13. Nd6+ Bxd6 14. Rxd6 O-O 15. Bd3 Bb7 16. Rd1 Nb4 17. Rxd7 Qc8 18. Rd4 Nd5 19. Qh3 g6 20. Bg5 Qc5 21. Rh4 h5 22. Rxh5 gxh5 23. Qxh5 f5 24. exf6 Rf7 25. Qg6+ Kf8 26. Bh6+ Ke8 27. Qg8+ Rf8 28. Qxe6+ Kd8 29. Bxf8 Qxf8 30. Be4 Kc7 31. Bxd5 Re8 32. Qf7+ Qxf7 33. Bxf7 Rf8 34. Bd5 Bc8 35. f7 Bg4 36. f3 Bh5 37. g4 Bxf7 38. Bxf7 Rxf7 39. Rd3 Rh7 40. Rd2 Rf7 41. Rf2 Kd6 42. f4 Kd5 43. Kd2 Ke4 44. f5 Rh7 45. f6 Rf7 46. g5 Ke5 47. h4 Rd7+ 48. Ke2 Ke6 49. g6 1-0


[Site "https://www.chess.com"]

[Event "Titled Tuesday Blitz April 26 Early 2022"]
[White "Bortnyk, Olexandr"]
[Black "Kamsky, Gata"]
[WhiteFideId "14120828"]
[BlackFideId "2000024"]
[WhiteElo "2723"]
[BlackElo "2645"]
[Result "1-0"]
[Round "06"]
[TimeControl "180+1"]
[Date "2022.04.26"]
[WhiteClock "0:00:03"]
[BlackClock "0:00:07"]

1. d4 d5 2. Bf4 c5 3. Nc3 Nc6 4. e3 cxd4 5. exd4 a6 6. h3 Bf5 7. Nf3 e6 8. Bd3 Bxd3 9. Qxd3 Bd6 10. Ne2 Nf6 11. O-O O-O 12. c3 b5 13. Qe3 Ne4 14. Nd2 Nxd2 15. Qxd2 Na5 16. Bxd6 Nc4 17. Qc2 Qxd6 18. b3 Na5 19. Qd2 Nc6 20. Rac1 Rfd8 21. Ng3 g6 22. Rfe1 a5 23. h4 Qe7 24. h5 Qh4 25. Qh6 Ne7 26. Re3 Rac8 27. Rf3 Nf5 28. Nxf5 exf5 29. Rh3 Qf6 30. hxg6 hxg6 31. Qh7+ Kf8 32. Re1 Qg7 33. Qh4 Kg8 34. Qe7 Qf8 35. Qb7 Rb8 36. Qa6 b4 37. Qxa5 Ra8 38. Qxb4 Qxb4 39. cxb4 Rxa2 40. Re7 Rb8 41. Rc3 Rd2 42. Rcc7 Rf8 43. b5 Rxd4 44. b6 Rb4 45. b7 Kg7 46. Red7 Rxb3 47. Rxd5 Rb1+ 48. Kh2 f4 49. Kh3 Rb2 50. Kg4 Kh6 51. Rc8 f5+ 52. Kxf4 Rxf2+ 53. Kg3 1-0


[Site "https://www.chess.com"]

[Event "Titled Tuesday Blitz April 26 Early 2022"]
[White "Brahami, Lamine"]
[Black "Piliczewski, Bogusz"]
[WhiteFideId "7905637"]
[BlackFideId "1104144"]
[WhiteElo "1937"]
[BlackElo "1896"]
[Result "0-1"]
[Round "06"]
[TimeControl "180+1"]
[Date "2022.04.26"]
[WhiteClock "0:00:08"]
[BlackClock "0:01:53"]

1. d4 d5 2. c4 c6 3. Nc3 Nf6 4. Bg5 Ne4 5. Nxe4 dxe4 6. Bf4 g6 7. e3 Bg7 8. Ne2 O-O 9. Nc3 f5 10. Be2 Nd7 11. O-O e5 12. dxe5 Nxe5 13. Qxd8 Rxd8 14. Rfd1 Be6 15. c5 Nc4 16. Bxc4 Bxc4 17. Bg5 Rd3 18. Rxd3 Bxd3 19. Rd1 Re8 0-1


[Site "https://www.chess.com"]

[Event "Titled Tuesday Blitz April 26 Early 2022"]
[White "Bristy, Mukherjee"]
[Black "Simonovic, Miroslav"]
[WhiteFideId "25077325"]
[BlackFideId "919152"]
[WhiteElo "1661"]
[BlackElo "2043"]
[Result "1-0"]
[Round "06"]
[TimeControl "180+1"]
[Date "2022.04.26"]
[WhiteClock "0:01:44"]
[BlackClock "0:01:09"]

1. d4 Nf6 2. Bg5 e6 3. e3 Be7 4. Nd2 d5 5. Bd3 h6 6. Bh4 g5 7. Bg3 c5 8. c3 c4 9. Bc2 b5 10. h4 g4 11. Ne2 Bb7 12. Nf4 h5 13. Qe2 Nbd7 14. e4 dxe4 15. Nxe4 Nd5 16. O-O-O N7b6 17. Nc5 Bc6 18. Nfxe6 fxe6 19. Bg6+ Kf8 20. Nxe6+ Kg8 21. Nxd8 Rxd8 22. Qe6+ Kg7 23. Qxc6 Rh6 24. Be5+ Nf6 25. Qe6 1-0


[Site "https://www.chess.com"]

[Event "Titled Tuesday Blitz April 26 Early 2022"]
[White "Brodowski, Piotr"]
[Black "Zhigalko, Sergei"]
[WhiteFideId "1124480"]
[BlackFideId "13502956"]
[WhiteElo "2422"]
[BlackElo "2662"]
[Result "0-1"]
[Round "06"]
[TimeControl "180+1"]
[Date "2022.04.26"]
[WhiteClock "0:00:06"]
[BlackClock "0:00:05"]

1. e4 c5 2. Nf3 Nc6 3. Bb5 Nf6 4. Qe2 g6 5. O-O Bg7 6. Bxc6 dxc6 7. e5 Nd5 8. h3 h6 9. d3 g5 10. Qe4 Nb4 11. Na3 Qd5 12. Re1 Be6 13. Bd2 Qxe4 14. Rxe4 Bd5 15. Ree1 O-O-O 16. Bxb4 cxb4 17. Nc4 Kc7 18. Ncd2 a5 19. a3 Ra8 20. axb4 axb4 21. Kf1 b5 22. b3 Kb6 23. d4 f5 24. exf6 exf6 25. Rac1 Ra7 26. Ne4 f5 27. Ng3 Rf8 28. Ne5 f4 29. Nh5 Bxe5 30. Rxe5 f3 31. g4 Ra2 32. Ng3 Rf4 33. Nf5 Ra8 34. Rd1 h5 35. Ne3 hxg4 36. hxg4 Be4 37. d5 Rh8 38. Ke1 Rh1+ 39. Kd2 Rh2 40. Ke1 Rh1+ 41. Kd2 Rxd1+ 42. Kxd1 cxd5 43. Nxd5+ Bxd5 44. Rxd5 Rxg4 45. Rf5 Rg1+ 46. Kd2 g4 47. Rg5 Kc6 48. Ke3 Kb6 49. Rg6+ Kc5 50. Rg5+ Kc6 51. Rg6+ Kb7 52. Rg5 Ka6 53. Rg6+ Ka5 54. Rg5 Re1+ 55. Kd3 Re2 56. Rxg4 Rxf2 57. Rg6 Re2 58. Rf6 Rf2 59. Re6 Rh2 60. Rf6 f2 61. Kd4 f1=Q 62. Rxf1 Rxc2 63. Rf6 Rc3 64. Rf8 Rxb3 65. Ra8+ Kb6 66. Ra1 Rc3 67. Ke4 Kc5 68. Rh1 b3 69. Rh8 Kb4 70. Kd4 Rc4+ 71. Kd3 b2 72. Rh1 Rc1 73. Rh4+ Kb3 74. Kd2 Rc2+ 75. Kd3 b1=Q 76. Rh3 Rc3+ 77. Kd4 Rxh3 0-1


[Site "https://www.chess.com"]

[Event "Titled Tuesday Blitz April 26 Early 2022"]
[White "Buchenau, Frank"]
[Black "Fajdetic, Hrvoje"]
[WhiteFideId "4604350"]
[BlackFideId "14501945"]
[WhiteElo "2193"]
[BlackElo "2172"]
[Result "1-0"]
[Round "06"]
[TimeControl "180+1"]
[Date "2022.04.26"]
[WhiteClock "0:00:16"]
[BlackClock "0:00:05"]

1. e4 e6 2. d4 d5 3. Nc3 dxe4 4. Nxe4 Nd7 5. Nf3 Ngf6 6. Bg5 Be7 7. Nxf6+ Bxf6 8. h4 h6 9. Bxf6 Nxf6 10. Bd3 Qd5 11. c4 Qa5+ 12. Qd2 Qxd2+ 13. Kxd2 O-O 14. Ne5 Rd8 15. Kc3 b6 16. g4 Bb7 17. Rhg1 Ne4+ 18. Bxe4 Bxe4 19. f3 Bb7 20. f4 f6 21. Ng6 Be4 22. f5 c5 23. Rad1 Kf7 24. Nf4 exf5 25. g5 cxd4+ 26. Rxd4 Rxd4 27. Kxd4 Rd8+ 28. Kc3 hxg5 29. hxg5 fxg5 30. Rxg5 Kf6 31. Rg6+ Ke5 32. Nh5 a5 33. b3 Rd3+ 34. Kb2 Rd2+ 35. Ka3 Bb1 36. Ka4 f4 37. Rg5+ Ke4 38. Rg4 Rxa2+ 39. Kb5 Rf2 40. Kxb6 Kf5 41. Rxg7 f3 42. c5 Ke6 43. Nf4+ Kf6 44. Nh5+ Ke6 45. c6 Be4 46. c7 Rc2 47. Nf4+ Kf6 48. Nh5+ Ke6 49. Rg4 f2 50. Rxe4+ Kd5 51. Rf4 Rc6+ 52. Kb7 Rc5 53. Rf5+ Kd6 54. Rf6+ Ke7 55. Rxf2 Rxh5 56. c8=Q Rb5+ 57. Kc7 Rd5 58. Kb8 Rd7 59. Qxd7+ Kxd7 60. Rf5 Kc6 61. Rxa5 Kb6 62. b4 Kc6 63. Ka7 Kc7 64. b5 1-0


[Site "https://www.chess.com"]